 Dungeon Crawl Stone Soup version 0.29-a0-338-g1ff7896281 (webtiles) character file.

Game seed: 5895208721873855071

9 spaghetti the Sneak (level 2, 0/27 HPs)
             Began as a Deep Dwarf Delver on Apr 18, 2022.
             Was an Initiate of Ru.
             Slain by a gnoll
             ... wielding a +0 spear
              (4 damage)
             ... on level 5 of the Dungeon.
             The game lasted 00:01:49 (395 turns).

spaghetti the Sneak (Deep Dwarf Delver)              Turns: 395, Time: 00:01:50

Health: 0/27       AC:  3    Str: 15    XL:     2   Next: 6%
Magic:  2/2        EV: 12    Int: 10    God:    Ru [......]
Gold:   0          SH:  0    Dex: 14    Spells: 1/1 levels left

rFire   . . .      SeeInvis .   a - +0 short sword {short}
rCold   . . .      Faith    .   (no shield)
rNeg    . . .      Spirit   .   b - +0 leather armour
rPois   .          Reflect  .   (no helmet)
rElec   .          Harm     .   (no cloak)
rCorr   .          Rampage  .   (no gloves)
Will    .....                   (no boots)
Stlth   +++.......              (no amulet)
HPRegen 0.00/turn               (no ring)
MPRegen 0.08/turn               (no ring)

@: no status effects
A: damage resistance, heal wounds, sense surroundings 1, no regeneration
a: Heal Wounds, Renounce Religion


You were on level 5 of the Dungeon.
You worshipped Ru.
Ru was noncommittal.
You visited 2 branches of the dungeon, and saw 3 of its levels.


Innate Abilities, Weirdness & Mutations

You are resistant to damage.
You can heal yourself by infusing magical energy.
You passively map a small area around you.
You do not regenerate.


   Skills:
 - Level 2.6 Fighting
 - Level 1.7 Short Blades
 - Level 2.1 Dodging
 + Level 6.6 Stealth


You had one spell level left.
You didn't know any spells.
Your spell library was empty.

Inventory:

Hand Weapons
 a - a +0 short sword (weapon) {short}
Armour
 b - a +0 leather armour (worn)
Wands
 g - a wand of digging (3)
Scrolls
 c - a scroll of fog

Dungeon Overview and Level Annotations

Branches:
Dungeon (5/15)             Temple (1/1) D:5

Altars:
Ashenzari
Cheibriados
Elyvilon
Fedhas
Hepliaklqana
Kikubaaqudgha
Makhleb
Nemelex Xobeh
Okawaru
Qazlal
Ru
Sif Muna
Trog
Vehumet
Wu Jian
Xom
Yredelemnul
The Shining One

Annotations:
D:5 2 transporters

***,*,,** ##...##******,*
*,,,,* ##.....## *,# ***,,*
##.......######.#*
*****,,,***#................**
,,,,,,,,,,,+......8.8.8.....,*
*****,,,***#.<.....⌠.⌠..#...,*
**,,* ##.....8.>.8....#,* **,*
##gSY..⌠.⌠.!.###,* *,*
##.@.8.8.8..# *,* *,*
##'........# *,* *,*
#.######### *,* *****,**##**
#.# *,*
*,,,,,,,,..###.#######* *,*
*,***,*,**#.#.......g.* *,*
*,* *,,** *#.....####g# *,*
*,* *,,**###..g.#####.####,*
*,* **,*#....©.......gg.g.,*


You could see an ice beast, 2 gnolls and an adder.


Message History

The gnoll misses you.
You fail to use your ability.
The gnoll barely misses you.
You fail to use your ability.
You feel much better. The gnoll barely misses you. 😎 HP[+15]
Your hp is fully restored (20).
You hit the gnoll.
Your extra speed is starting to run out.
The gnoll barely misses you.
You hit the gnoll. Your punch misses the gnoll. You hit the gnoll.
The gnoll closely misses you.
You hit the gnoll but do no damage.
The gnoll hits you with a +0 flail! 😮 HP[-8]
You take 8 damage, and now have 12/20 hp.
MASSIVE DAMAGE!! (PAUSE) Unknown command.
You hit the gnoll.
You kill the gnoll!
You have reached level 2! 😮 HP[+4] MP[+1]
You now have 27 max hp (+7).
You regained 4 hp, and now have 16/27 hp.
Your mp is fully restored (2).
You start waiting.
You feel yourself slow down.
Done waiting.
Things that are here:
a +0 flail {mace}; a gnoll corpse Key pressed, stopping explore.
Found a white marble altar of Elyvilon.
There is a burning altar of Makhleb here.
Things that are here:
a +0 flail {mace}; a gnoll corpse
Things that are here:
a +0 flail {mace}; a gnoll skeleton Partly explored, can't reach some places.
Unknown command.
There is a burning altar of Makhleb here.
There is a staircase back to the Dungeon here.
Okay, then.
Your library has no spells.
Your library has no spells.
Unknown command.
Unknown command.
Unknown command.
There is an ancient bone altar of Kikubaaqudgha here.
There is a sacrificial altar of Ru here.
You kneel at the altar of Ru.
Ru welcomes you!
(D) Dungeon (T) Temple
Where to? (Enter - Temple @ (x,y), ? - help)
There is an ancient bone altar of Kikubaaqudgha here.
There is a staircase back to the Dungeon here.
You climb upwards.
Level annotation: 2 transporters The adder bites you. x2; The ice beast closely misses you.
There is a staircase to the Ecumenical Temple here. 😮 HP[-1]
You take 1 damage, and now have 15/27 hp.
As you read the scroll of fear, it crumbles to dust.
You assume a fearsome visage.
The ice beast looks frightened!
The gnoll looks frightened!
The adder looks frightened!
A gnoll opens the door.
Unknown command.
The gnoll shouts!
Cornered, the adder turns to fight!
Cornered, the ice beast turns to fight!
The gnoll hits you from afar with a +0 spear.
There is a stone staircase leading up, spattered with blood here.
The gnoll hits you from afar with a +0 spear.
You climb upwards.
The kobold shouts!
You hear a shout!
There is a stone staircase leading down here.
Unknown command.
Unknown command.
You aren't carrying any potions.
Okay, then.
The kobold throws a stone.
The stone hits you.
You climb downwards.
Level annotation: 2 transporters The adder closely misses you.
The adder bites you.
* * * LOW HITPOINT WARNING * * *
The ice beast hits you. The ice beast freezes you!
* * * LOW HITPOINT WARNING * * *
The gnoll hits you but does no damage.
There is a stone staircase leading up, spattered with blood here. 😨 HP[-8]
You take 8 damage, and now have 7/27 hp.
MASSIVE DAMAGE!! (PAUSE) Unknown command.
Unknown command.
The adder attacks as you move away! The adder closely misses you.
The gnoll hits you with a +0 spear.
Okay, then.
You aren't carrying any potions.
The adder bites you but does no damage. The gnoll hits you with a +0 spear.
* * * LOW HITPOINT WARNING * * *
😱 HP[-3]
You take 3 damage, and now have 4/27 hp.
The gnoll hits you from afar with a +0 spear.
You die...

Action                   || total
-------------------------++-------
Melee: Short sword       ||     8
 Abil: Heal Wounds       ||     2
  Use: Scroll            ||     2
       Potion            ||     1
Armor: Leather armour    ||     3
Dodge: Dodged            ||    10

Levels and vault maps discovered:
D:4:      layout_basic, serial_shops, nicolae_shop_overgrown_old_shop,
          gammafunk_ghost_mausoleum, minmay_rat_hole
D:5:      gammafunk_steamed_eel, layout_loops_corners,
          minmay_temple_entry_statues_fountains
Temple:   hc_temple_tempest_star

Notes
Turn   | Place    | Note
-------+----------+-------------------------------------------
     0 | D:5      | spaghetti the Deep Dwarf Delver began the quest for the
                  | Orb.
     0 | D:5      | Reached XP level 1. HP: 20/20 MP: 1/1
     0 | D:5      | magus.rc [v1.9.6]
     6 | D:5      | Noticed an electric eel
     6 | D:5      | Noticed an electric eel
    12 | D:5      | Found a transporter.
    27 | D:5      | Found a staircase to the Ecumenical Temple.
    33 | D:5      | Noticed an ice beast
    37 | Temple   | Entered the Ecumenical Temple
    53 | Temple   | HP: 3/20 [gnoll/+0 flail (6)]
    81 | Temple   | HP: 5/20 [gnoll/+0 flail (10)]
    93 | Temple   | Reached XP level 2. HP: 16/27 MP: 2/2
   370 | Temple   | Became a worshipper of Ru the Awakened
   394 | D:5      | HP: 4/27 [gnoll/+0 spear (3)]
   395 | D:5      | Slain by a gnoll

Vanquished Creatures
  A gnoll (Temple)
1 creature vanquished.

Table legend:
 A = Non-vault XP
 B = Vault XP
 C = Vault XP percentage of total XP
 D = Non-vault monster count
 E = Vault monster count
 F = Vault count percentage of total count
                 A         B        C        D         E       F
            +---------+---------+-------+---------+---------+-------
      Total |      14 |       0 |   0.0 |       1 |       0 |   0.0
            +---------+---------+-------+---------+---------+-------
     Temple |      14 |       0 |   0.0 |       1 |       0 |   0.0
            +---------+---------+-------+---------+---------+-------

Illustrated notes

Table legend:
 A = Kills in this place as a percentage of kills in entire the game.
 B = Kills by you in this place as a percentage of kills by you in the entire game.
 C = Kills by friends in this place as a percentage of kills by friends in the entire game.
 D = Other kills in this place as a percentage of other kills in the entire game.
 E = Experience gained in this place as a percentage of experience gained in the entire game.
 F = Experience gained in this place divided by the number of levels of this place that you have seen.
                   A       B       C       D       E      F
               +-------+-------+-------+-------+-------+----------------------
         Total | 100.0 | 100.0 |   N/A |   N/A | 100.0 |   4.7
        Temple | 100.0 | 100.0 |   N/A |   N/A | 100.0 |  14.0
               +-------+-------+-------+-------+-------+----------------------

Table legend: (Time is in decaauts)
 A = Elapsed time spent in this place.
 B = Non-inter-level travel time spent in this place.
 C = Inter-level travel time spent in this place.
 D = Time resting spent in this place.
 E = Time spent auto-exploring this place.
 F = Levels seen in this place.
 G = Mean time per level.
                   A        B        C        D        E       F      G
               +--------+--------+--------+--------+--------+-----+--------+
         Total |    376 |    341 |     35 |     98 |    154 |   3 |  125.3 |
       Dungeon |     52 |     35 |     17 |      0 |      0 |   2 |   26.0 |
        Temple |    323 |    305 |     18 |     98 |    154 |   1 |  323.0 |
               +--------+--------+--------+--------+--------+-----+--------+

Top non-repeatable levels by time:
  Temple: 323 daAuts
     D:5: 51 daAuts
     D:4: 1 daAuts
